 Dungeon Crawl Stone Soup version 0.32-a0-450-g080537f31e (webtiles) character file.

Game seed: 13406208028164794051

162 jasper the Cudgeller (level 5, -2/55 HPs)
             Began as an Oni Gladiator on Feb 23, 2024.
             Slain by Sigmund
             ... wielding a +0 scythe
              (4 damage)
             ... on level 3 of the Dungeon.
             The game lasted 00:04:27 (2569 turns).

jasper the Cudgeller (Oni Gladiator)                Turns: 2569, Time: 00:04:27

Health: -2/55      AC:  4    Str: 22    XL:     5   Next: 43%
Magic:  5/5        EV: 10    Int: 10    God:
Gold:   90         SH:  0    Dex:  9    Spells: 4/4 levels left

rFire   + . .        a - +1 flail
rCold   + + +        (no shield)
rNeg    . . .        b - +0 robe
rPois   +            c - +0 hat
rElec   +            p - +0 cloak
rCorr   +            (gloves unavailable)
SInv    .            (boots unavailable)
Will    .....        (no amulet)
Stlth   +            h - ring of protection from cold
HPRegen 0.29/turn    (no ring)
MPRegen 0.09/turn

%: no passive effects
@: brilliant, resistant
A: large, unfitting armour, horns 1, tough skin 1, double potion healing,
drunken brawling, cold resistance 1, strong 1, devolution 1
a: no special abilities


You were on level 3 of the Dungeon.
You visited 1 branch of the dungeon, and saw 3 of its levels.

You collected 90 gold pieces.

Inventory:

Hand Weapons
 a - a +1 flail (weapon)
Missiles
 d - 3 throwing nets
 e - a large rock
 i - 6 stones (quivered)
Armour
 b - a +0 robe (worn)
 c - a +0 hat (worn)
 p - a +0 cloak (worn)
Jewellery
 h - a ring of protection from cold (left hand)
Wands
 f - a wand of light (8)
Scrolls
 k - a scroll of enchant armour {unknown}
Potions
 o - a potion of magic {unknown}


   Skills:
 + Level 4.7 Fighting
 * Level 5.1 Maces & Flails
 - Level 2.0 Throwing
 - Level 2.6 Dodging


You had 4 spell levels left.
You didn't know any spells.
Your spell library contained the following spells:

 Spells                   Type           Power      Damage    Failure   Level
 Tukima's Dance           Hex            0%         N/A       75%         3
 Passage of Golubria      Tloc           0%         N/A       98%         4
 Yara's Violent Unravell  Hex/Alch       0%         3d3       100%        5


Dungeon Overview and Level Annotations

Branches:
Dungeon (3/15)

Altars:
Uskayaw
Zin

Annotations:
D:3 Sigmund


Innate Abilities, Weirdness & Mutations

You are too large for most types of armour.
You have a pair of small horns on your head.
You have tough skin. (AC +1)
You gain doubled healing and magic from potions.
Whenever you drink a healing potion, you attack all around you.
Your flesh is cold resistant. (rC+)
Your muscles are strong. (Str +4, Int/Dex -1)
You have hidden genetic defects.


Message History

You feel less wooden.
Your +0 cloak unmelds from your body.
Your +0 hat unmelds from your body.
Your +0 robe unmelds from your body.
Something hits you.
You now have 27/55 hp.
You barely miss something. Your headbutt misses something.
You closely miss something. Something hits you.
You take 2 damage, and have 25/55 hp.
You barely miss something. You headbutt something. Something hits you.
You take 3 damage, and have 22/55 hp.
You miss something. Something hits you.
* * * LOW HITPOINT WARNING * * *
You take 6 damage, and have 16/55 hp.
Things that are here:
a +0 dagger; a +0 leather armour; a wand of light (8)
You aren't carrying any items that you can evoke.
f - a wand of light (8)
You hear some strange, mumbled words.
You are confused.
You are too confused!
Okay, then.
Unknown command.
You bump into the rock wall.
Something hits you!
* * * LOW HITPOINT WARNING * * *
You take 11 damage, and have 6/55 hp.
You miss something. Your headbutt misses something. Something hits you.
* * * LOW HITPOINT WARNING * * *
You take 2 damage, and have 4/55 hp.
It was a potion of resistance.
You feel protected.
It was a potion of brilliance.
You feel clever all of a sudden. Something hits you.
* * * LOW HITPOINT WARNING * * *
You take 3 damage, and have 2/55 hp.
It was a potion of mutation.
You feel extremely strange.
You feel a hidden malignance growing inside you.
You feel stronger.
You feel resistant to cold.
You feel less confused. Something hits you.
You die...

≈.≈≈≈.≈...# ≈.....≈.#.#
≈≈≈≈≈≈≈.#.# ....≈...#.#
≈≈≈.≈.≈.#.#
≈_..≈.≈.#.##########
≈≈≈≈≈.≈...†)..†....######
......≈..########..<.....
≈≈≈≈≈≈≈{@# #..#####.
.........# .....# #.
..#.#..... <......# #.
.................#.# #.
..###............#.# #.
.. #.##.#.......#.# #. #.
#.#.>.>...#.#####. ..
#.#..... #.)... #.####


There were no monsters in sight!

Vanquished Creatures
  Ijyb (D:3)
  Terence (D:3)
  Robin (D:3)
  2 adders
  3 dart slugs
  2 ribbon worms (D:2)
  An orc (D:3)
  5 endoplasms
  2 giant cockroaches
  4 hobgoblins
  8 jackals
  2 quokkas (D:2)
  4 ball pythons
  6 bats
  A frilled lizard (D:1)
  11 goblins
  4 kobolds
  9 rats
67 creatures vanquished.

Vanquished Creatures (others)
  An endoplasm (D:3)
1 creature vanquished.

Grand Total: 68 creatures vanquished

Notes
Turn   | Place    | Note
-------+----------+-------------------------------------------
     0 | D:1      | jasper the Oni Gladiator began the quest for the Orb.
     0 | D:1      | Reached XP level 1. HP: 22/22 MP: 1/1
   165 | D:1      | Reached XP level 2. HP: 29/31 MP: 2/2
   441 | D:1      | Reached XP level 3. HP: 35/37 MP: 3/3
  1202 | D:2      | Reached skill level 4 in Maces & Flails
  1574 | D:2      | Reached XP level 4. HP: 48/48 MP: 4/4
  2070 | D:3      | Noticed Terence
  2079 | D:3      | Killed Terence
  2125 | D:3      | Identified the +0 helmet of Lugonu's Hope {Rampage Dex+5}
  2125 | D:3      | Noticed Robin
  2242 | D:2      | Reached XP level 5. HP: 50/55 MP: 5/5
  2285 | D:3      | Killed Robin
  2517 | D:3      | Reached skill level 5 in Maces & Flails
  2523 | D:3      | Found a glowing silver altar of Zin.
  2523 | D:3      | Found a hide-covered altar of Uskayaw.
  2533 | D:3      | Noticed Sigmund
  2535 | D:3      | Noticed Ijyb
  2556 | D:3      | Killed Ijyb
  2568 | D:3      | HP: 2/55 [something (3)]
  2569 | D:3      | Gained mutation: You have hidden genetic defects. [potion
                  | of mutation]
  2569 | D:3      | Gained mutation: Your muscles are strong. (Str +4, Int/Dex
                  | -1) [potion of mutation]
  2569 | D:3      | Gained mutation: Your flesh is cold resistant. (rC+)
                  | [potion of mutation]
  2569 | D:3      | Slain by Sigmund

Illustrated notes

Levels and vault maps discovered:
D:1:      elethiomel_arrival_maze, layout_basic, minmay_door_square
D:2:      layout_rooms, nicolae_concentric_dashed_squares_mild,
          minmay_misc_feat_room, minmay_pentomino_pile
D:3:      layout_loops_ring, mainiacjoe_overflow_catwalk_spiral,
          minmay_checkerbox, uniq_sigmund, uniq_ijyb, uniq_terence, uniq_robin,
          uniq_crazy_yiuf_cottage

Skill      XL: |  1  2  3  4  5 |
---------------+----------------+-----
Fighting       | 3 4 |  4.7
Maces & Flails | 4 5 |  5.1
Throwing       | |  2.0
Dodging        | |  2.6

Action                     |  1- 3 |  4- 6 || total
---------------------------+-------+-------++-------
  Melee: Flail             |   106 |    94 ||   200
         Headbutt          |    15 |    12 ||    27
  Throw: Stone             |    11 |     6 ||    17
    Use: Scroll            |     2 |     4 ||     6
         Potion            |       |     6 ||     6
   Stab: Sleeping          |       |     1 ||     1
 Armour: Robe              |   112 |   102 ||   214
         Skin              |       |    41 ||    41
  Dodge: Dodged            |    99 |    61 ||   160

Table legend: (Time is in decaauts)
 A = Elapsed time spent in this place.
 B = Non-inter-level travel time spent in this place.
 C = Inter-level travel time spent in this place.
 D = Time resting spent in this place.
 E = Time spent auto-exploring this place.
 F = Levels seen in this place.
 G = Mean time per level.
                   A        B        C        D        E       F      G
               +--------+--------+--------+--------+--------+-----+--------+
         Total |   2612 |   2512 |    100 |    198 |   1760 |   3 |  870.7 |
       Dungeon |   2612 |   2512 |    100 |    198 |   1760 |   3 |  870.7 |
               +--------+--------+--------+--------+--------+-----+--------+

Top non-repeatable levels by time:
     D:1: 1171 daAuts
     D:2: 1066 daAuts
     D:3: 374 daAuts
